AAA
INDIANAPOLIS INDIANS @ GWINNETT STRIPERS
04/29/2018
 
TOP OF THE 1ST
Indianapolis Indians batting - Pitching for Gwinnett Stripers : RHP Matt Wisler
Pitching: RHP Matt Wisler
Batting: LHB Jameson Fisher 0-0: Hit by Pitch
Batting: LHB Telmito Agustin 0-0: SINGLE (Groundball, 4MD)
Jameson Fisher to second
Batting: RHB Franmil Reyes 0-0: Called Strike
0-1: Swinging Strike
0-2: Foul Ball, location: 2F
0-2: Ball
1-2: Foul Ball, location: 2F
1-2: Ball
2-2: Fly out, F9 (Flyball, 9)
Batting: LHB Bobby Bradley 0-0: Foul Ball, location: 2F
0-1: Ball
1-1: Ball
2-1: Ball
3-1: Base on Balls
Jameson Fisher to third
Telmito Agustin to second
Batting: RHB Brent Rooker 0-0: Ball
1-0: Called Strike
1-1: Ball
2-1: Foul Ball, location: 2F
2-2: Foul Ball, location: 2F
2-2: Strikes out swinging
Batting: LHB Zack Collins 0-0: Ball
1-0: Ball
2-0: Foul Ball, location: 2F
2-1: Swinging Strike
2-2: Foul Ball, location: 2F
2-2: Reached on error, E4 (Groundball, 4)
Jameson Fisher scores
Telmito Agustin to third
Bobby Bradley to second
Batting: RHB Hudson Potts 0-0: Called Strike
0-1: Ball
1-1: Ball
2-1: Foul Ball, location: 2F
2-2: Strikes out swinging
Top of the 1st over - 1 run, 1 hit, 1 error, 3 left on base; Indianapolis 1 - Gwinnett 0
BOTTOM OF THE 1ST
Gwinnett Stripers batting - Pitching for Indianapolis Indians : RHP Seranthony Dominguez
Pitching: RHP Seranthony Dominguez
Batting: RHB Ronald Acuna 0-0: Bunt for hit - play at first, batter OUT! 2-3
Batting: RHB Vladimir Guerrero Jr. 0-0: SINGLE (Line Drive, 7S)
Batting: LHB Ben Gamel 0-0: Ball
1-0: DOUBLE (Line Drive, 78D)
Vladimir Guerrero Jr. to third
Batting: LHB Dan Vogelbach 0-0: Ball
1-0: Foul Ball, location: 2F
1-1: Ball
2-1: Foul Ball, location: 2F
2-2: Ball
3-2: Base on Balls
Batting: RHB Ryan Mountcastle 0-0: Called Strike
0-1: Ball
1-1: Foul Ball, location: 2F
1-2: Strikes out swinging
Batting: LHB Julio Pablo Martinez 0-0: Swinging Strike
0-1: Ball
1-1: Fly out, F9 (Flyball, 9)
Bottom of the 1st over - 0 runs, 2 hits, 0 errors, 3 left on base; Indianapolis 1 - Gwinnett 0
TOP OF THE 2ND
Indianapolis Indians batting - Pitching for Gwinnett Stripers : RHP Matt Wisler
Batting: LHB Daniel Brito 0-0: Called Strike
0-1: Ball
1-1: Called Strike
1-2: Ball
2-2: Ball
3-2: SINGLE (Groundball, 3S) (infield hit)
Batting: LHB Ben Rortvedt 0-0: Ball
1-0: Ball
2-0: Ball
3-0: Called Strike
3-1: Grounds into double play, 5-4-3 (Groundball, 56)
Batting: LHB Jameson Fisher 0-0: Called Strike
0-1: Called Strike
0-2: Ball
1-2: DOUBLE (Line Drive, 7LM)
Batting: LHB Telmito Agustin 0-0: Fly out, F4 (Line Drive, 4)
Top of the 2nd over - 0 runs, 2 hits, 0 errors, 1 left on base; Indianapolis 1 - Gwinnett 0
BOTTOM OF THE 2ND
Gwinnett Stripers batting - Pitching for Indianapolis Indians : RHP Seranthony Dominguez
Batting: RHB Franklin Barreto 0-0: Ball
1-0: Ball
2-0: Ball
3-0: Base on Balls
Batting: SHB Juniel Querecuto 0-0: Ball
Franklin Barreto steals 2nd base
1-0: Swinging Strike
1-1: SINGLE (Line Drive, 6M)
Franklin Barreto to third
Batting: RHB Rafael Marchan 0-0: Ball
1-0: Ball
2-0: Called Strike
2-1: Foul Ball, location: 2F
2-2: Ball
3-2: Strikes out swinging
Batting: RHB Ronald Acuna 0-0: Ball
1-0: Called Strike
1-1: Swinging Strike
1-2: Foul Ball, location: 2F
1-2: Fly out, F9 (Flyball, 9D)
Runner from 3rd tags up, OUT at HOME
Bottom of the 2nd over - 0 runs, 1 hit, 0 errors, 1 left on base; Indianapolis 1 - Gwinnett 0
TOP OF THE 3RD
Indianapolis Indians batting - Pitching for Gwinnett Stripers : RHP Matt Wisler
Batting: RHB Franmil Reyes 0-0: Ball
1-0: Foul Ball, location: 2F
1-1: Foul Ball, location: 2F
1-2: Ball
2-2: Foul Ball, location: 2F
2-2: Ball
3-2: Base on Balls
Batting: LHB Bobby Bradley 0-0: Ball
1-0: Ball
2-0: Swinging Strike
2-1: Called Strike
2-2: Ball
3-2: Base on Balls
Franmil Reyes to second
Batting: RHB Brent Rooker 0-0: Called Strike
0-1: Foul Ball, location: 2F
0-2: Ball
1-2: Ball
2-2: Ball
3-2: Foul Ball, location: 2F
3-2: Foul Ball, location: 2F
3-2: Foul Ball, location: 2F
3-2: Foul Ball, location: 2F
3-2: SINGLE (Groundball, 56D)
Franmil Reyes to third
Bobby Bradley to second
Batting: LHB Zack Collins 0-0: Swinging Strike
0-1: DOUBLE (Line Drive, 89XD)
Franmil Reyes scores
Bobby Bradley scores
Brent Rooker to third
Batting: RHB Hudson Potts 0-0: Foul Ball, location: 2F
0-1: SINGLE (Groundball, 34D)
Brent Rooker scores
Zack Collins to third
Batting: LHB Daniel Brito 0-0: Called Strike
0-1: Swinging Strike
0-2: Grounds into double play, 4-6-3 (Groundball, 4M)
Zack Collins scores
Batting: LHB Ben Rortvedt 0-0: Ball
1-0: Ball
2-0: Ball
3-0: Base on Balls
Batting: LHB Jameson Fisher 0-0: Ball
1-0: Called Strike
1-1: Called Strike
1-2: Strikes out swinging
Top of the 3rd over - 4 runs, 3 hits, 0 errors, 1 left on base; Indianapolis 5 - Gwinnett 0
BOTTOM OF THE 3RD
Gwinnett Stripers batting - Pitching for Indianapolis Indians : RHP Seranthony Dominguez
Batting: RHB Vladimir Guerrero Jr. 0-0: Ball
1-0: Swinging Strike
1-1: Ball
2-1: Foul Ball, location: 2F
2-2: Strikes out looking
Batting: LHB Ben Gamel 0-0: Called Strike
0-1: SOLO HOME RUN (Flyball, 78XD), Distance : 401 ft
Batting: LHB Dan Vogelbach 0-0: Called Strike
0-1: Ball
1-1: Called Strike
1-2: Foul Ball, location: 2F
1-2: Ball
2-2: Foul Ball, location: 2F
2-2: Strikes out looking
Batting: RHB Ryan Mountcastle 0-0: Called Strike
0-1: Ball
1-1: Ball
2-1: Foul Ball, location: 2F
2-2: Ball
3-2: SINGLE (Groundball, 6MD)
Batting: LHB Julio Pablo Martinez 0-0: Called Strike
0-1: Foul Ball, location: 2F
0-2: Foul Ball, location: 2F
0-2: Ball
1-2: Fielders Choice at 2nd, 6-4 (Groundball, 6)
Bottom of the 3rd over - 1 run, 2 hits, 0 errors, 1 left on base; Indianapolis 5 - Gwinnett 1
TOP OF THE 4TH
Indianapolis Indians batting - Pitching for Gwinnett Stripers : RHP Matt Wisler
Batting: LHB Telmito Agustin 0-0: Called Strike
0-1: Foul Ball, location: 2F
0-2: Ball
1-2: TRIPLE (Flyball, 89XD)
Batting: RHB Franmil Reyes 0-0: Called Strike
0-1: Ground out 1-3 (Groundball, 23)
Batting: LHB Bobby Bradley 0-0: Called Strike
0-1: Foul Ball, location: 2F
0-2: Ball
1-2: Foul Ball, location: 2F
1-2: Strikes out swinging
Batting: RHB Brent Rooker 0-0: Ball
1-0: Called Strike
1-1: Foul Ball, location: 2F
1-2: Foul Ball, location: 2F
1-2: Fly out, F6 (Popup, 6M)
Top of the 4th over - 0 runs, 1 hit, 0 errors, 1 left on base; Indianapolis 5 - Gwinnett 1
BOTTOM OF THE 4TH
Gwinnett Stripers batting - Pitching for Indianapolis Indians : RHP Seranthony Dominguez
Batting: RHB Franklin Barreto 0-0: Ball
1-0: Ball
2-0: Ball
3-0: Base on Balls
Batting: SHB Juniel Querecuto 0-0: Swinging Strike
0-1: Ball
1-1: Sac Bunt - play at first, batter OUT! 1-3
Franklin Barreto to second
Batting: RHB Rafael Marchan 0-0: Ball
1-0: Foul Ball, location: 2F
1-1: Foul Ball, location: 2F
1-2: Ball
2-2: Ball
3-2: Foul Ball, location: 2F
3-2: Foul Ball, location: 2F
3-2: Strikes out looking
Batting: RHB Ronald Acuna 0-0: Called Strike
0-1: Ball
1-1: Foul Ball, location: 2F
1-2: SINGLE (Line Drive, 89M)
Franklin Barreto to third
Runner from 3rd tries for Home, SAFE, no throw
Batting: RHB Vladimir Guerrero Jr. 0-0: Ball
Ronald Acuna steals 2nd base
1-0: Swinging Strike
1-1: Ball
2-1: Ball
3-1: Base on Balls
Batting: LHB Ben Gamel 0-0: Called Strike
0-1: Swinging Strike
0-2: Ball
1-2: Ball
2-2: Ball
3-2: Strikes out looking
Bottom of the 4th over - 1 run, 1 hit, 0 errors, 2 left on base; Indianapolis 5 - Gwinnett 2
TOP OF THE 5TH
Indianapolis Indians batting - Pitching for Gwinnett Stripers : RHP Matt Wisler
Pitching: RHP Michael Matuella
Batting: LHB Zack Collins 0-0: Ball
1-0: Ground out 1-3 (Groundball, 34S)
Batting: RHB Hudson Potts 0-0: Called Strike
0-1: Ball
1-1: Ball
2-1: Swinging Strike
2-2: Ball
3-2: Strikes out swinging
Batting: LHB Daniel Brito 0-0: Ball
1-0: Called Strike
1-1: Called Strike
1-2: Foul Ball, location: 2F
1-2: Ground out 4-3 (Groundball, 4)
Top of the 5th over - 0 runs, 0 hits, 0 errors, 0 left on base; Indianapolis 5 - Gwinnett 2
BOTTOM OF THE 5TH
Gwinnett Stripers batting - Pitching for Indianapolis Indians : RHP Seranthony Dominguez
Pitching: RHP Gerson Moreno
Batting: LHB Dan Vogelbach 0-0: Ball
1-0: Foul Ball, location: 2F
1-1: DOUBLE (Flyball, 8LXD)
Batting: RHB Ryan Mountcastle 0-0: Foul Ball, location: 2F
0-1: Ground out 6-3 (Groundball, 6)
Batting: LHB Julio Pablo Martinez 0-0: Ball
1-0: Ball
2-0: Ball
3-0: Called Strike
3-1: Foul Ball, location: 2F
3-2: Base on Balls
Batting: RHB Franklin Barreto 0-0: Swinging Strike
0-1: Ball
1-1: Called Strike
1-2: Ball
2-2: Ball
3-2: Fly out, F9 (Flyball, 9)
Batting: SHB Juniel Querecuto 0-0: Called Strike
0-1: Ball
1-1: Ground out 4-3 (Groundball, 4M)
Bottom of the 5th over - 0 runs, 1 hit, 0 errors, 2 left on base; Indianapolis 5 - Gwinnett 2
TOP OF THE 6TH
Indianapolis Indians batting - Pitching for Gwinnett Stripers : RHP Michael Matuella
Batting: LHB Ben Rortvedt 0-0: Called Strike
0-1: Ball
1-1: Swinging Strike
1-2: Strikes out looking
Batting: LHB Jameson Fisher 0-0: Swinging Strike
0-1: Called Strike
0-2: Ball
1-2: Foul Ball, location: 2F
1-2: Ball
2-2: Foul Ball, location: 2F
2-2: Foul Ball, location: 2F
2-2: Strikes out swinging
Batting: LHB Telmito Agustin 0-0: Ball
1-0: Fly out, F6 (Line Drive, 6)
Top of the 6th over - 0 runs, 0 hits, 0 errors, 0 left on base; Indianapolis 5 - Gwinnett 2
BOTTOM OF THE 6TH
Gwinnett Stripers batting - Pitching for Indianapolis Indians : RHP Gerson Moreno
Batting: RHB Rafael Marchan 0-0: Ball
1-0: Called Strike
1-1: SINGLE (Groundball, 5D)
Batting: RHB Ronald Acuna 0-0: Ball
1-0: Called Strike
1-1: Ball
2-1: Fly out, F8 (Flyball, 8RM)
Batting: RHB Vladimir Guerrero Jr. 0-0: Called Strike
0-1: Swinging Strike
0-2: Ball
1-2: Ball
2-2: Foul Ball, location: 2F
2-2: SINGLE (Line Drive, 6D)
Rafael Marchan to second
Pitching: LHP Jace Fry
Batting: LHB Ben Gamel 0-0: Ball
1-0: Called Strike
1-1: Ball
2-1: Ball
3-1: SINGLE (Line Drive, 34D)
Rafael Marchan to third
Vladimir Guerrero Jr. to second
Batting: LHB Dan Vogelbach 0-0: Foul Ball, location: 2F
0-1: Ball
1-1: Foul Ball, location: 2F
1-2: Ball
2-2: Foul Ball, location: 2F
2-2: Strikes out looking
Batting: RHB Ryan Mountcastle 0-0: Ball
1-0: Fielders Choice at 2nd, 5-4 (Groundball, 56)
Bottom of the 6th over - 0 runs, 3 hits, 0 errors, 3 left on base; Indianapolis 5 - Gwinnett 2
TOP OF THE 7TH
Indianapolis Indians batting - Pitching for Gwinnett Stripers : RHP Michael Matuella
Batting: RHB Franmil Reyes 0-0: Foul Ball, location: 2F
0-1: Called Strike
0-2: Foul Ball, location: 2F
0-2: Strikes out swinging
Batting: LHB Bobby Bradley 0-0: Called Strike
0-1: Called Strike
0-2: Ball
1-2: SINGLE (Groundball, 4MS) (infield hit)
Pitching: RHP Vladimir Gutierrez
Batting: RHB Brent Rooker 0-0: Called Strike
0-1: Foul Ball, location: 2F
0-2: 2-RUN HOME RUN (Line Drive, 78XD), Distance : 392 ft
Batting: LHB Zack Collins 0-0: Ball
1-0: Called Strike
1-1: Foul Ball, location: 2F
1-2: Ball
2-2: Foul Ball, location: 2F
2-2: Ground out 4-3 (Groundball, 34)
Batting: RHB Hudson Potts 0-0: Ball
1-0: DOUBLE (Line Drive, 7LS)
Pinch Runner at 2nd Chris Torres:
Batting: LHB Daniel Brito 0-0: Called Strike
0-1: Ball
1-1: Swinging Strike
1-2: Strikes out looking
Top of the 7th over - 2 runs, 3 hits, 0 errors, 1 left on base; Indianapolis 7 - Gwinnett 2
BOTTOM OF THE 7TH
Gwinnett Stripers batting - Pitching for Indianapolis Indians : LHP Jace Fry
Now at SS: Chris Torres
Batting: LHB Julio Pablo Martinez 0-0: Foul Ball, location: 2F
0-1: Called Strike
0-2: Ball
1-2: Foul Ball, location: 2F
1-2: Ball
2-2: Ground out 6-3 (Groundball, 6)
Batting: RHB Franklin Barreto 0-0: Ball
1-0: Ball
2-0: Foul Ball, location: 2F
2-1: Ball
3-1: Ground out 6-3 (Groundball, 6)
Batting: SHB Juniel Querecuto 0-0: Ball
1-0: DOUBLE (Line Drive, 78D)
Batting: RHB Rafael Marchan 0-0: Ball
1-0: Ball
2-0: Foul Ball, location: 2F
2-1: Foul Ball, location: 2F
2-2: Strikes out looking
Bottom of the 7th over - 0 runs, 1 hit, 0 errors, 1 left on base; Indianapolis 7 - Gwinnett 2
TOP OF THE 8TH
Indianapolis Indians batting - Pitching for Gwinnett Stripers : RHP Vladimir Gutierrez
Batting: LHB Ben Rortvedt 0-0: SINGLE (Line Drive, 8RS)
Batting: LHB Jameson Fisher 0-0: Called Strike
0-1: Ball
1-1: Foul Ball, location: 2F
1-2: Ball
2-2: Ball
3-2: Foul Ball, location: 2F
3-2: Foul Ball, location: 2F
3-2: Foul Ball, location: 2F
3-2: Base on Balls
Ben Rortvedt to second
Pitching: LHP Nick Fanti
Batting: LHB Telmito Agustin 0-0: Ball
1-0: Ball
2-0: Called Strike
2-1: Foul Ball, location: 2F
2-2: Foul Ball, location: 2F
2-2: Foul Ball, location: 2F
2-2: Foul Ball, location: 2F
2-2: Strikes out looking
Batting: RHB Franmil Reyes 0-0: Ball
1-0: Called Strike
1-1: Ball
2-1: Foul Ball, location: 2F
2-2: Grounds into double play, 6-4-3 (Groundball, 6)
Top of the 8th over - 0 runs, 1 hit, 0 errors, 1 left on base; Indianapolis 7 - Gwinnett 2
BOTTOM OF THE 8TH
Gwinnett Stripers batting - Pitching for Indianapolis Indians : LHP Jace Fry
Batting: RHB Ronald Acuna 0-0: Ball
1-0: Called Strike
1-1: Foul Ball, location: 2F
1-2: Ball
2-2: Ground out 4-3 (Groundball, 4S)
Batting: RHB Vladimir Guerrero Jr. 0-0: Ball
1-0: Called Strike
1-1: SINGLE (Line Drive, 78S)
Pitching: RHP Fernando Romero
Batting: LHB Ben Gamel 0-0: Ball
1-0: Swinging Strike
1-1: Ball
2-1: Foul Ball, location: 2F
2-2: Foul Ball, location: 2F
2-2: Strikes out swinging
Batting: LHB Dan Vogelbach 0-0: Ball
1-0: Foul Ball, location: 2F
1-1: Ball
2-1: Ball
3-1: Foul Ball, location: 2F
3-2: Base on Balls
Vladimir Guerrero Jr. to second
Batting: RHB Ryan Mountcastle 0-0: Ball
1-0: SINGLE (Groundball, 56D)
Vladimir Guerrero Jr. to third
Dan Vogelbach to second
Batting: LHB Julio Pablo Martinez 0-0: Called Strike
0-1: GRAND SLAM HOME RUN (Flyball, 9LD), Distance : 375 ft
Pitching: RHP James Farris
Batting: RHB Franklin Barreto 0-0: Fly out, F8 (Flyball, 89M)
Bottom of the 8th over - 4 runs, 3 hits, 0 errors, 0 left on base; Indianapolis 7 - Gwinnett 6
TOP OF THE 9TH
Indianapolis Indians batting - Pitching for Gwinnett Stripers : LHP Nick Fanti
Pitching: RHP Ryan Dull
Batting: LHB Bobby Bradley 0-0: SINGLE (Groundball, 34D)
Batting: RHB Brent Rooker 0-0: Foul Ball, location: 2F
0-1: Ball
Wild Pitch!
Bobby Bradley to second
1-1: Called Strike
1-2: Strikes out looking
Batting: LHB Zack Collins 0-0: Intentional Walk
Batting: SHB Chris Torres 0-0: Ball
1-0: Swinging Strike
1-1: Fielders Choice at 2nd, 6-4 (Groundball, 6)
Bobby Bradley to third
Batting: LHB Daniel Brito 0-0: Ball
Pickoff Throw by Catcher to First - Error! E2
Bobby Bradley scores
Chris Torres to second
1-0: Ball
2-0: Ball
3-0: Foul Ball, location: 2F
3-1: Base on Balls
Batting: LHB Ben Rortvedt 0-0: Called Strike
0-1: Foul Ball, location: 2F
0-2: Foul Ball, location: 2F
0-2: Ball
1-2: Strikes out swinging
Top of the 9th over - 1 run, 1 hit, 1 error, 2 left on base; Indianapolis 8 - Gwinnett 6
BOTTOM OF THE 9TH
Gwinnett Stripers batting - Pitching for Indianapolis Indians : RHP James Farris
Pitching: RHP Devan Watts
Batting: SHB Juniel Querecuto 0-0: Fly out, F7 (Flyball, 7)
Batting: RHB Rafael Marchan 0-0: Fly out, F9 (Line Drive, 9)
Batting: RHB Ronald Acuna 0-0: Fly out, F8 (Line Drive, 8RD)
Bottom of the 9th over - 0 runs, 0 hits, 0 errors, 0 left on base; Indianapolis 8 - Gwinnett 6
Wednesday, June 20th, 2018 - OOTP Baseball 19.6 Build 53